AoeStats
← Nand_offline

Arabia

509968389Analyzed
1v1 RM · 2d ago on Sep 28, 2026· 54m 17s· 2 players
Game mode
Random Map
Map size
Tiny (2 player)
Population
200
Speed
Normal
Resources
Standard
Victory
Conquest
Starting age
Dark Age
Ending age
Imperial Age
RankedLock teamsTeams togetherTeam positionsShared explorationLock speedFull tech treeHidden civsTurbo modeCheats
Victory
Defeat
🇲🇽 Sicilians · Mexico
658
+17
🇺🇾 Inca · Uruguay
678
-17
Raphael
0:58 Loom
12:19 Feudal Age
14:06 Forging
17:29 Scale Mail Armor
23:16 Stone Mining
23:16 Gold Mining
29:29 Castle Age
29:48 Double-Bit Axe
30:55 Iron Casting
32:18 Chain Mail Armor
32:33 Horse Collar
33:12 Squires
33:38 Bow Saw
37:36 Wheelbarrow
44:21 Hand Cart
47:55 Imperial Age
46:10 Heavy Plow
47:03 Fletching
47:55 Bodkin Arrow
49:40 Blast Furnace
49:33 Conscription
50:03 Plate Mail Armor
51:03 Hoardings
51:51 Elite Serjeant
Nand_offline
6:10 Loom
9:43 Feudal Age
14:20 Horse Collar
14:29 Champi Runner
21:30 Scale Mail Armor
26:07 Forging
29:57 Castle Age
29:19 Fletching
31:43 Squires
31:59 Heavy Plow
38:14 Double-Bit Axe
45:51 Bodkin Arrow
46:26 Champi Warrior
51:11 Imperial Age
48:22 Crossbowman
Connection lost

Rejoining the realm…

Still unreachable

The connection could not be restored.

Session expired

The server has moved on; the page needs a fresh start.